 Dungeon Crawl Stone Soup version 0.28.0 (webtiles) character file.

Game seed: 14817514944233763298

30 Anon1729 the Insei (level 3, -4/23 HPs)
             Began as an Octopode Transmuter on Feb 17, 2022.
             Slain by Natasha (6 damage)
             ... on level 2 of the Dungeon.
             The game lasted 00:01:16 (1645 turns).

Anon1729 the Insei (Octopode Transmuter)            Turns: 1645, Time: 00:01:17

Health: -4/23      AC:  1    Str:  9    XL:     3   Next: 18%
Magic:  6/6        EV: 10    Int: 17    God:
Gold:   39         SH:  0    Dex: 12    Spells: 5/6 levels left

rFire   . . .      SeeInvis .     - Unarmed
rCold   . . .      Faith    .   (no shield)
rNeg    . . .      Spirit   .   (helmet restricted)
rPois   .          Reflect  .   (no amulet)
rElec   .          Harm     .   (no ring)
rCorr   .          Rampage  .   (no ring)
Will    .....                   (no ring)
Stlth   ++........              (no ring)
HPRegen 0.07/turn               (no ring)
MPRegen 0.10/turn               (no ring)
                                (no ring)
                                (no ring)

@: brilliant, flying, constricted
A: almost no armour, amphibious, 8 rings, camouflage 1, gelatinous body 1,
(nimble swimmer 1), tentacles
a: no special abilities


You were on level 2 of the Dungeon.
You visited 1 branch of the dungeon, and saw 2 of its levels.

You collected 39 gold pieces.

Inventory:

Scrolls
 b - a scroll of summoning {unknown}
 c - a scroll of blinking {unknown}
Potions
 e - a potion of mutation {unknown}
 f - a potion of haste {unknown}


   Skills:
 + Level 1.5 Fighting
 + Level 2.3 Dodging
 + Level 3.2 Unarmed Combat
 + Level 2.2 Spellcasting
 + Level 2.3 Transmutations


You had 5 spell levels left.
You knew the following spells:

 Your Spells              Type           Power      Damage    Failure   Level
a - Beastly Appendage     Tmut           28%        N/A       7%          1

Your spell library contained the following spells:

 Spells                   Type           Power      Damage    Failure   Level
 Wereblood                Tmut           14%        N/A       11%         2
 Spider Form              Tmut/Pois      8%         N/A       34%         3
 Gell's Gravitas          Tloc           2%         N/A       50%         3
 Lesser Beckoning         Tloc           2%         N/A       50%         3
 Teleport Other           Tloc           2%         N/A       50%         3
 Ice Form                 Ice/Tmut       8%         N/A       75%         4


Dungeon Overview and Level Annotations

Branches:
Dungeon (2/15)

Altars:

Annotations:
D:2 Natasha


Innate Abilities, Weirdness & Mutations

You cannot wear most types of armour.
You are amphibious.
You can wear up to eight rings at the same time.
Your skin changes colour to match your surroundings (Stealth+).
Your rubbery body absorbs attacks. (AC +1, EV +1)
((You are camouflaged when in or above water. (Stealth+)))
You have tentacles for arms and can constrict up to eight enemies at once.


Message History

You are too injured to fight recklessly!
You are too injured to fight recklessly!
Unknown command.
You release your grip on Natasha.
Your transformation is almost over.
Natasha casts a spell at you. You resist with significant effort.
Natasha casts a spell.
The ball python closely misses you. The ball python grabs you.
The ball python constricts you.
* * * LOW HITPOINT WARNING * * *
You escape the ball python's grasp.
You see here 24 stones.
You see here a bat corpse.
Your tentacle spike disappears.
Natasha mumbles some strange words.
Natasha glows brightly for a moment.
Natasha casts a spell.
You see here a +0 robe.
The ball python closely misses you. The ball python grabs you.
The ball python constricts you.
* * * LOW HITPOINT WARNING * * *
You escape the ball python's grasp.
There is a stone staircase leading up here.
The ball python bites you.
* * * LOW HITPOINT WARNING * * *
The ball python grabs you.
You stop ascending the stairs.
The ball python constricts you.
* * * LOW HITPOINT WARNING * * *
Unknown command.
It was a potion of flight.
You feel very buoyant.
You fly up into the air.
Natasha barely misses you. The ball python barely misses you.
The ball python constricts you.
It was a potion of brilliance.
You feel clever all of a sudden. The ball python barely misses you.
The ball python constricts you.
* * * LOW HITPOINT WARNING * * *
Natasha claws you.
You die...

#.......##.###.##.....
#)......##........#
#...........##.##.# #...#
##.#########.##.##.# #...#
...#...# #.##.##.# #.>.#
####...# #.##.##.# #...#
####...#####.##.##.######...#
#.........##)....h.##.......##
..........#####.@S..5........#
#.............<..####.##.#^..##
####......######.####.##......#
#...#### #.#....[.†5....###
#...# #.#.##.##.#....... #####
#.. ......(...##..
###.##.......###.. ..
...####.##.... .# .##.#
#.##....


You could see Natasha, a shadow imp (summoned) and a ball python.

Vanquished Creatures
  4 bats
  4 endoplasms
  A giant cockroach (D:1)
  3 goblins
  A hobgoblin (D:1)
  4 ball pythons (D:1)
  8 kobolds (D:1)
  3 rats
28 creatures vanquished.

Notes
Turn   | Place    | Note
-------+----------+-------------------------------------------
     0 | D:1      | Anon1729 the Octopode Transmuter began the quest for the
                  | Orb.
     0 | D:1      | Reached XP level 1. HP: 13/13 MP: 3/3
    63 | D:1      | Reached XP level 2. HP: 6/18 MP: 3/5
  1249 | D:2      | Reached XP level 3. HP: 9/23 MP: 4/6
  1623 | D:2      | Noticed Natasha
  1645 | D:2      | Slain by Natasha

Illustrated notes

Levels and vault maps discovered:
D:1:      lightli_arrival_statue_moat, layout_loops_ring
D:2:      layout_loops_cross, basic_altar, kennysheep_another_room, uniq_natasha

Action                   || total
-------------------------++-------
Melee: Unarmed           ||    46
       Kick              ||    11
       Constrict         ||    13
       Tentacles         ||     6
 Cast: Beastly Appendage ||    22
  Use: Potion            ||     2
 Stab: Sleeping          ||     5
Armor: Skin              ||     2
Dodge: Dodged            ||    33
